 Dungeon Crawl Stone Soup version 0.21.0-3-g78d12a8 (webtiles) character file.

25 DogShitOnMyToe the Caller (level 3, -2/28 HPs)
             Began as a Formicid Summoner on Jan 12, 2018.
             Slain by a leopard gecko (5 damage)
             ... on level 3 of the Dungeon.
             The game lasted 00:01:54 (1150 turns).

DogShitOnMyToe the Caller (Formicid Summoner)       Turns: 1150, Time: 00:01:54

Health: -2/28      AC:  2    Str: 13    XL:     3   Next: 20%
Magic:  6/6        EV: 12    Int: 14    God:
Gold:   26         SH:  0    Dex: 11    Spells: 5/6 levels left

rFire    . . .     SeeInvis +   j - -2 dagger (curse)
rCold    . . .     Gourm    .   (no shield)
rNeg     . . .     Faith    .   a - +0 robe
rPois    .         Spirit   .   (helmet unavailable)
rElec    .         Reflect  .   (no cloak)
rCorr    .         Harm     .   (no gloves)
MR       .....                  (no boots)
Stlth    ++........             (no amulet)
HPRegen  0.09/turn              (no ring)
MPRegen  0.10/turn              (no ring)

@: no status effects
A: permanent stasis, dig shafts and tunnels, four strong arms, antennae 3
a: Dig, Shaft Self


You were on level 3 of the Dungeon.
You were hungry.

You visited 1 branch of the dungeon, and saw 3 of its levels.

You collected 26 gold pieces.

Inventory:

Hand Weapons
 b - a +0 spear
 j - a cursed -2 dagger (weapon)
Armour
 a - a +0 robe (worn)
Potions
 e - 3 potions of brilliance
 f - a potion of heal wounds {unknown}
 g - a potion of cancellation {unknown}
Books
 A - a book of Callings

   Spells                             Type                      Level
   a - Summon Small Mammal            Summoning                    1
   b - Call Imp                       Summoning                    2
   c - Call Canine Familiar           Summoning                    3
   d - Summon Guardian Golem          Hexes/Summoning              3
   e - Summon Lightning Spire         Summoning/Air                4
   f - Summon Ice Beast               Ice/Summoning                4
Comestibles
 c - 4 rations


   Skills:
 + Level 2.9 Fighting
 - Level 1.7 Dodging
 - Level 2.4 Stealth
 - Level 2.1 Spellcasting
 - Level 4.0 Summonings


You had 5 spell levels left.
You knew the following spells:

 Your Spells              Type           Power        Failure   Level  Hunger
a - Summon Small Mammal   Summ           ##..         4%          1    #......


Dungeon Overview and Level Annotations

Branches:
Dungeon (3/15)

Altars:


Innate Abilities, Weirdness & Mutations

You cannot be hasted, slowed, berserked, paralysed or teleported.
You can dig through walls and to a lower floor.
Your four strong arms can wield two-handed weapons with a shield.
You have a pair of large antennae on your head. (SInv)


Message History

You barely miss the leopard gecko.
The leopard gecko is moderately wounded.
The leopard gecko bites you but does no damage.
The leopard gecko closely misses you.
You closely miss the leopard gecko.
The leopard gecko is moderately wounded.
The leopard gecko bites you but does no damage.
You hit the leopard gecko but do no damage.
The leopard gecko is moderately wounded.
The leopard gecko closely misses you.
You hit the leopard gecko but do no damage.
The leopard gecko is moderately wounded.
The leopard gecko barely misses you.
You barely miss the leopard gecko.
The leopard gecko is moderately wounded.
The leopard gecko closely misses you.
You hit the leopard gecko but do no damage.
The leopard gecko is moderately wounded.
The leopard gecko bites you.
You die...

............ #.#
#.{...#
###.###.....#
.####...$.....####
.............g..<#
####.#.########.#
#g# ######.# #l#
#{..{..#
#@###.######
#......(.....
#..####...### #..#
.#..# #..# # .#
##.# # #.# #.. ###


You could see a leopard gecko and a hobgoblin.

Vanquished Creatures
  An adder (D:2)
  A leopard gecko (D:2)
  2 bats (D:1)
  A giant cockroach (D:1)
  4 goblins
  A hobgoblin (D:1)
  2 frilled lizards
  A kobold (D:1)
  A rat (D:1)
14 creatures vanquished.

Vanquished Creatures (collateral kills)
  A goblin (D:1)
  A hobgoblin (D:1)
2 creatures vanquished.

Grand Total: 16 creatures vanquished

Notes
Turn   | Place    | Note
-------+----------+-------------------------------------------
     0 | D:1      | DogShitOnMyToe the Formicid Summoner began the quest for the Orb.
     0 | D:1      | Reached XP level 1. HP: 13/13 MP: 3/3
    33 | D:1      | HP: 5/13 [hobgoblin (2)]
   292 | D:1      | Reached skill level 1 in Fighting
   376 | D:1      | Reached XP level 2. HP: 20/21 MP: 5/5
   492 | D:1      | Reached skill level 2 in Fighting
   598 | D:1      | You fall through a shaft!
   830 | D:2      | Reached XP level 3. HP: 19/28 MP: 6/6
  1076 | D:2      | HP: 14/28 [leopard gecko (3)]
  1077 | D:2      | HP: 6/28 [leopard gecko (4)]
  1125 | D:3      | HP: 7/28 [leopard gecko (3)]
  1135 | D:3      | HP: 4/28 [leopard gecko (3)]
  1143 | D:3      | HP: 3/28 [leopard gecko (2)]
  1150 | D:3      | Slain by a leopard gecko

Skill      XL: |  1  2 |
---------------+-------+-----
Fighting       | 1 2 |  2.9
Dodging        | |  1.7
Stealth        | |  2.4
Spellcasting   | |  2.1
Summonings     | |  4.0

Action                   || total
-------------------------++-------
Melee: Spear             ||    68
       Unarmed           ||     8
       Dagger            ||    14
 Cast: Summon Small Mamm ||     5
  Use: Scroll            ||     3
 Stab: Sleeping          ||     4
Armor: Robe              ||    13
Dodge: Dodged            ||    65
